AoeStats
← Geosim

Arena

508258419Analyzed
2v2 RM · 10d ago on Sep 21, 2026· 28m 55s· 4 players
Game mode
Random Map
Map size
Medium (4 player)
Population
200
Speed
Normal
Resources
Standard
Victory
Conquest
Starting age
Dark Age
Ending age
Imperial Age
RankedLock teamsTeams togetherTeam positionsShared explorationLock speedFull tech treeHidden civsTurbo modeCheats
Victory
Defeat
🇹🇷 Bulgarians · Türkiye
1216
+14
🇹🇷 Goths · Türkiye
1199
+15
🇨🇭 Teutons · Switzerland
1177
-15
🇨🇭 Persians · Switzerland
1170
-14
kingthom
9:22 Feudal Age
10:53 Wheelbarrow
15:23 Castle Age
19:37 Stone Mining
19:41 Double-Bit Axe
24:06 Gold Mining
24:33 Horse Collar
Kingmasi
7:53 Loom
11:19 Feudal Age
16:16 Castle Age
14:40 Horse Collar
15:27 Double-Bit Axe
19:50 Fletching
21:52 Wheelbarrow
21:49 Gold Mining
23:17 Crossbowman
26:08 Forging
26:31 Bow Saw
27:47 Scale Barding Armor
28:20 Iron Casting
simirfan
0:27 Loom
12:38 Feudal Age
19:00 Castle Age
17:12 Horse Collar
17:10 Man-at-Arms
18:06 Double-Bit Axe
20:02 Heavy Plow
23:20 Padded Archer Armor
23:11 Fletching
23:24 Scale Mail Armor
23:34 Forging
23:56 Long Swordsman
27:43 Caravan
Geosim
11:30 Feudal Age
12:38 Double-Bit Axe
12:44 Gold Mining
12:54 Arson
13:40 Horse Collar
14:25 Forging
15:06 Scale Mail Armor
18:56 Wheelbarrow
21:38 Castle Age
21:06 Loom
22:40 Gambesons
22:56 Squires
23:37 Iron Casting
23:18 Chain Mail Armor
24:03 Bow Saw
28:23 Heavy Plow
Connection lost

Rejoining the realm…

Still unreachable

The connection could not be restored.

Session expired

The server has moved on; the page needs a fresh start.